 Dungeon Crawl Stone Soup version 0.23-a0-183-gf37f6fb (webtiles) character file.

58 Arum the Shield-Bearer (level 4, 0/37 HPs)
             Began as a Formicid Fighter on Sept 21, 2018.
             Slain by a goblin (4 damage)
             ... led by Robin
             ... on level 2 of the Dungeon.
             The game lasted 00:01:33 (1436 turns).

Arum the Shield-Bearer (Formicid Fighter)           Turns: 1436, Time: 00:01:34

Health: 0/37       AC:  7    Str: 27    XL:     4   Next: 21%
Magic:  4/4        EV:  8    Int:  7    God:
Gold:   119        SH: 10    Dex: 10    Spells: 3/3 levels left

rFire    . . .     SeeInvis +   a - +0 flail
rCold    . . .     Gourm    .   c - +0 shield
rNeg     . . .     Faith    .   b - +0 scale mail
rPois    .         Spirit   .   (helmet unavailable)
rElec    .         Reflect  .   (no cloak)
rCorr    +         Harm     .   (no gloves)
MR       .....                  (no boots)
Stlth    ..........             (no amulet)
HPRegen  0.12/turn              o - ring of resist corrosion
MPRegen  0.09/turn              (no ring)

@: mighty
A: permanent stasis, dig shafts and tunnels, four strong arms, antennae 3
a: Dig, Shaft Self


You were on level 2 of the Dungeon.
You were very hungry.

You visited 1 branch of the dungeon, and saw 2 of its levels.

You collected 119 gold pieces.

Inventory:

Hand Weapons
 a - a +0 flail (weapon)
Armour
 b - a +0 scale mail (worn)
 c - a +0 shield (worn)
Jewellery
 o - a ring of resist corrosion (left hand)
Scrolls
 e - a scroll of immolation {unknown}
 g - 3 scrolls of identify {unknown}
 i - a scroll of fear {unknown}
 j - 2 scrolls of remove curse {unknown}
 m - a scroll of enchant weapon {unknown}
 n - a scroll of amnesia {unknown}
Potions
 d - a potion of might
 h - a potion of flight {unknown}
 k - 2 potions of haste {unknown}
 l - a potion of heal wounds {unknown}
Comestibles
 f - 3 rations


   Skills:
 + Level 3.8 Fighting
 + Level 2.6 Maces & Flails
 + Level 3.8 Armour
 + Level 4.2 Shields


You had 3 spell levels left.
You didn't know any spells.
Your spell library was empty.

Dungeon Overview and Level Annotations

Branches:
Dungeon (2/15)

Altars:

Annotations:
D:2 Robin


Innate Abilities, Weirdness & Mutations

You cannot be hasted, slowed, berserked, paralysed or teleported.
You can dig through walls and to a lower floor.
Your four strong arms can wield two-handed weapons with a shield.
You have a pair of large antennae on your head. (SInv)


Message History

You are too injured to fight recklessly!
You are too injured to fight recklessly!
You are too injured to fight recklessly!
You are too injured to fight recklessly!
You are too injured to fight recklessly!
Unknown command.
You feel very mighty all of a sudden. The goblin closely misses you.
The rat barely misses you. You block the goblin's attack.
The goblin hits you but does no damage. x2
The goblin hits you.
* * * LOW HITPOINT WARNING * * *
You block the hobgoblin's attack.
Unknown command.
Unknown command.
Unknown command.
You bludgeon the hobgoblin!!
You kill the hobgoblin!
You are feeling very hungry.
You block the goblin's attack. You block the rat's attack. The goblin hits you.
You die...

....'........'.......#
....##########.......#
....# ##'####### ....#
#...# ....# ##...#######
....# #..........# ....#
#..........# #####
#...ggg....# #
#...g@gg...# ###
#...rg)....# ..#
#.....g....#
#.##########...........#
#.(.......##...........#
#.........##...........#
#.........###..........#
..........# #..........+
......#####


You could see Robin, 2 hobgoblins, 5 goblins and a rat.

Vanquished Creatures
  2 adders (D:2)
  An ooze (D:2)
  2 dart slugs
  4 giant cockroaches (D:1)
  3 goblins (D:2)
  3 hobgoblins
  5 kobolds
  A ball python (D:1)
  2 bats
  3 frilled lizards
  6 rats
32 creatures vanquished.

Notes
Turn   | Place    | Note
-------+----------+-------------------------------------------
     0 | D:1      | Arum the Formicid Fighter began the quest for the Orb.
     0 | D:1      | Reached XP level 1. HP: 18/18 MP: 1/1
   253 | D:1      | Reached XP level 2. HP: 24/24 MP: 2/2
   683 | D:2      | Reached skill level 4 in Shields
   683 | D:2      | Reached XP level 3. HP: 23/30 MP: 3/3
  1174 | D:2      | Reached XP level 4. HP: 37/37 MP: 4/4
  1425 | D:2      | Noticed Robin
  1436 | D:2      | Slain by a goblin

Vault maps used:
D:1:      dpeg_arrival_arbitrary_c, minmay_misc_feat_rows
D:2:      uniq_robin

Skill      XL: |  1  2 |
---------------+-------+-----
Shields        | 4 |  4.2
Fighting       | |  3.8
Maces & Flails | |  2.6
Armour         | |  3.8

Action                   |  1- 3 |  4- 6 || total
-------------------------+-------+-------++-------
Melee: Flail             |   114 |    15 ||   129
 Abil: Dig               |     1 |       ||     1
  Use: Potion            |       |     1 ||     1
  Eat: Chunk             |     1 |       ||     1
Armor: Scale mail        |    41 |    16 ||    57
Dodge: Dodged            |    31 |    13 ||    44
Block: Shield            |    70 |    15 ||    85

Table legend:
 A = Non-vault XP
 B = Vault XP
 C = Vault XP percentage of total XP
 D = Non-vault monster count
 E = Vault monster count
 F = Vault count percentage of total count
                 A         B        C        D         E       F
            +---------+---------+-------+---------+---------+-------
      Total |      78 |       6 |   7.1 |      29 |       3 |   9.4
            +---------+---------+-------+---------+---------+-------
        D:1 |      25 |       0 |   0.0 |      15 |       0 |   0.0
        D:2 |      53 |       6 |  10.2 |      14 |       3 |  17.6
            +---------+---------+-------+---------+---------+-------
